 Dungeon Crawl Stone Soup version 0.22-a0-362-g535178c (webtiles) character file.

649 zero the Covert (level 7, 0/46 HPs)
             Began as a Vampire Enchanter on Apr 19, 2018.
             Slain by a gnoll
             ... wielding a +0 spear
              (8 damage)
             ... on level 3 of the Dungeon.
             The game lasted 00:11:44 (4681 turns).

zero the Covert (Vampire Enchanter)                 Turns: 4681, Time: 00:11:44

Health: 0/46       AC:  5    Str:  7    XL:     7   Next: 28%
Magic:  4/10       EV: 13    Int: 17    God:
Gold:   180        SH:  5    Dex: 17    Spells: 5/10 levels left

rFire    . . .     SeeInvis +   a - +2 dagger
rCold    . . .     Gourm    .   o - +0 buckler
rNeg     . . .     Faith    .   b - +0 robe
rPois    .         Spirit   .   (no helmet)
rElec    .         Reflect  .   (no cloak)
rCorr    .         Harm     .   (no gloves)
MR       .....                  j - +2 pair of boots
Stlth    ++++++....             v - amulet of rage
HPRegen  0.35/turn              i - ring of stealth
MPRegen  0.12/turn              (no ring)

@: regenerating quickly
A: fangs 3, see invisible, unbreathing
a: Evoke Berserk Rage


You were on level 3 of the Dungeon.
You were full.

You visited 1 branch of the dungeon, and saw 6 of its levels.

You collected 180 gold pieces.

Inventory:

Hand Weapons
 a - a +2 dagger (weapon)
Missiles
 f - 19 sling bullets
Armour
 b - a +0 robe (worn)
 j - a +2 pair of boots (worn)
 o - a +0 buckler (worn)
Jewellery
 i - a ring of stealth (left hand)
 v - an amulet of rage (around neck)
Scrolls
 d - a scroll of amnesia
 h - 4 scrolls of enchant weapon
 k - 2 scrolls of remove curse
 s - a scroll of teleportation
 w - a scroll of blinking
Potions
 e - a potion of curing
 g - a potion of lignification
 l - a potion of brilliance
 n - a potion of invisibility {unknown}
 p - a potion of agility {unknown}
 q - 2 potions of flight
 r - a potion of haste {unknown}
 t - 4 potions of might
 u - a potion of cancellation {unknown}


   Skills:
 - Level 1.1 Short Blades
 - Level 2.1 Dodging
 + Level 10.4 Stealth
 + Level 4.3 Shields
 - Level 2.0 Spellcasting
 - Level 4.4 Hexes


You had 5 spell levels left.
You knew the following spells:

 Your Spells              Type           Power        Failure   Level  Hunger
a - Confuse               Hex            ###.....     10%         3    ###....
b - Ensorcelled Hibernat  Hex/Ice        #.....       12%         2    ###....


Dungeon Overview and Level Annotations

Branches:
Dungeon (6/15)             Temple (0/1) D:4

Altars:
Gozag
Hepliaklqana
Okawaru
Ru
Sif Muna
Uskayaw
Zin

Shops:
D:5 =

Annotations:
D:2 exclusion: downstairs


Innate Abilities, Weirdness & Mutations

Your natural rate of healing is unusually fast.
You have razor-sharp teeth.
You have supernaturally acute eyesight. (SInv)
You can survive without breathing.


Message History

The gnoll hits you from afar with a spear.
* * * LOW HITPOINT WARNING * * *
You see here a stone.
Okay, then.
The gnoll throws a stone.
The stone closely misses you. The gnoll barely misses you.
Your magical contamination has completely faded away.
Casting: Confuse (safe; 10% risk of failure)
Confirm with . or Enter, or press ? or * to list all spells.
Aiming: Confuse (safe; 10% risk of failure)
Press: ? - help, Shift-Dir - straight line, f - gnoll
Aim: a gnoll, wielding a spear (chance to defeat MR: 55%)
The gnoll appears confused.
The gnoll hits the gnoll but does no damage.
The gnoll hits you from afar with a spear.
* * * LOW HITPOINT WARNING * * *
You hit the gnoll. You bite the gnoll.
The gnoll is heavily wounded.
The gnoll hits you from afar with a spear!
You die...

....[.##.#.#....#........#...#.#
.###..##.#.# #......###.###.#
####..##.#.#....#.....##.....###
...........#.#.##.....#.8...8.#
#####.##.#.#.#.####.###.......###
..# #.##.###.#.# #......._......
#.###.##.# #.#.# #...#.......#..
.%....##.# #.#.####...#.8...8.#..
#......#.# #.#.#@gg...##.....##..
#.####.#.###.....##.##.###.###...
#.............%..##.##..g.g.....#
#...............###.########....#
...............## #.# #.....
#.#####........####.# #.####
#.............)..(..########.#
########)#.....((.....)..))(.# #
#)########################


You could see 2 gnolls.

Vanquished Creatures
  Sigmund (D:4)
  A black bear (D:6)
  A centaur (D:5)
  Blork the orc (D:5)
  A worker ant (D:4)
  A hound skeleton (D:6)
  Robin (D:3)
  4 gnolls
  5 adders
  2 oozes
  An adder zombie (D:5)
  4 worms
  A dart slug (D:1)
  3 leopard geckos
  7 orcs
  4 giant cockroaches
  14 goblins
  12 hobgoblins
  A jackal (D:3)
  5 quokkas
  11 bats
  3 frilled lizards
  3 kobolds
  A leopard gecko skeleton (D:4)
  9 rats
97 creatures vanquished.

Notes
Turn   | Place    | Note
-------+----------+-------------------------------------------
     0 | D:1      | zero the Vampire Enchanter began the quest for the Orb.
     0 | D:1      | Reached XP level 1. HP: 13/13 MP: 3/3
    75 | D:2      | Found a hide-covered altar of Uskayaw.
    78 | D:2      | Noticed a hand axe
    79 | D:2      | Noticed a dagger
   103 | D:1      | Reached skill level 5 in Stealth
   206 | D:1      | Reached XP level 2. HP: 19/19 MP: 5/5
   210 | D:1      | Learned a level 2 spell: Ensorcelled Hibernation
   469 | D:1      | Reached skill level 6 in Stealth
   633 | D:1      | Reached XP level 3. HP: 24/24 MP: 3/6
  1314 | D:2      | Found a sacrificial altar of Ru.
  1577 | D:3      | Noticed Robin
  1626 | D:3      | Reached skill level 7 in Stealth
  2050 | D:3      | Found an opulent altar of Gozag.
  2104 | D:3      | Reached XP level 4. HP: 30/30 MP: 7/7
  2322 | D:3      | Reached skill level 1 in Shields
  2740 | D:2      | Learned a level 3 spell: Confuse
  2818 | D:5      | Entered Level 5 of the Dungeon
  2993 | D:5      | Noticed a centaur
  2997 | D:5      | Killed a centaur
  2997 | D:5      | Reached skill level 8 in Stealth
  2997 | D:5      | Reached XP level 5. HP: 32/35 MP: 8/8
  3037 | D:5      | Noticed Blork the orc
  3067 | D:5      | Killed Blork the orc
  3067 | D:5      | Reached XP level 6. HP: 18/41 MP: 2/9
  3206 | D:5      | Reached skill level 9 in Stealth
  3207 | D:5      | Found Fabbotin's Jewellery Emporium.
  3452 | D:6      | Found a hazy altar of Hepliaklqana.
  3514 | D:5      | HP: 1/41 [gnoll/spear (7)]
  4015 | D:4      | Found an iron altar of Okawaru.
  4020 | D:4      | Found a staircase to the Ecumenical Temple.
  4036 | D:4      | Noticed Sigmund
  4046 | D:4      | Killed Sigmund
  4046 | D:4      | Reached skill level 10 in Stealth
  4046 | D:4      | Reached XP level 7. HP: 38/46 MP: 6/10
  4250 | D:3      | Found a glowing silver altar of Zin.
  4250 | D:3      | Found a deep blue altar of Sif Muna.
  4447 | D:3      | Killed Robin
  4681 | D:3      | Slain by a gnoll

Vault maps used:
D:1:      sevenhm_arrival_forest_fort_small_4
D:2:      nicolae_overflow_crystal_walls, dancing_weapons_uskayaw, first_ration,
          amethyst_killhole
D:3:      minmay_door_path, grunt_gozag_statues, minitemple, uniq_robin
D:4:      okawaru_metal_pillars_1_2, temple_statues,
          cheibrodos_sewer_entry_bend, uniq_sigmund, uniq_pikel
D:5:      serial_shops, shop, uniq_blork_the_orc
D:6:      lemuel_coloured_pillars_altar, skrybe_limestone_x

Skill      XL: |  1  2  3  4  5  6 |
---------------+-------------------+-----
Stealth        | 5 6 7 8 10 | 10.4
Shields        | 2 4 |  4.3
Short Blades   | |  1.1
Dodging        | |  2.1
Spellcasting   | |  2.0
Hexes          | |  4.4

Action                   |  1- 3 |  4- 6 |  7- 9 || total
-------------------------+-------+-------+-------++-------
Melee: Dagger            |   132 |   140 |    82 ||   354
       Bite              |    10 |    17 |    10 ||    37
 Cast: Corona            |     3 |       |       ||     3
       Ensorcelled Hiber |     9 |    18 |    10 ||    37
       Confuse           |       |     3 |     2 ||     5
  Use: Potion            |    11 |    11 |     5 ||    27
       Scroll            |     5 |     6 |     4 ||    15
 Stab: Sleeping          |    24 |    16 |     6 ||    46
       Distracted        |     1 |       |       ||     1
       Confused          |       |     2 |     1 ||     3
Armor: Robe              |    48 |    31 |    12 ||    91
Dodge: Dodged            |   126 |    95 |    43 ||   264
Block: Buckler           |     7 |    31 |    26 ||    64

Table legend:
 A = Spawn XP
 B = Non-spawn XP
 C = Spawn XP percentage of total XP
 D = Spawn monster count
 E = Non-spawn monster count
 F = Spawn count percentage of total count
 G = Total turns spent on level
                    A         B        C        D         E        F      G
               +---------+---------+-------+---------+---------+-------+---------
         Total |       0 |     928 |   0.0 |       0 |      97 |   0.0 |  4681
               +---------+---------+-------+---------+---------+-------+---------
           D:1 |       0 |      45 |   0.0 |       0 |      23 |   0.0 |  1144
           D:2 |       0 |      30 |   0.0 |       0 |      16 |   0.0 |  1018
           D:3 |       0 |     139 |   0.0 |       0 |      37 |   0.0 |  1169
           D:4 |       0 |     307 |   0.0 |       0 |       9 |   0.0 |   561
           D:5 |       0 |     264 |   0.0 |       0 |       9 |   0.0 |   687
           D:6 |       0 |     143 |   0.0 |       0 |       3 |   0.0 |   102
               +---------+---------+-------+---------+---------+-------+---------
